Cogmind - Beta 13 @@@ ROGUE MODE // 2024.04.02 @ 01:32:35 Player: Namu Result: Destroyed by G-34 Mercenary with Small Laser Performance ------------- Evolutions (0) 0 Regions Visited (1) 200 Robots Destroyed (13) 65 Value Destroyed (360) 360 Prototype IDs (0) 0 Alien Tech Used (0) 0 Bonus (0) 0 TOTAL SCORE: 625 Bonus ------- None Cogmind --------- Core Integrity 0/250 Matter 290/300 Energy 240/250 System Corruption 1% Temperature Cool (6) Movement Walking (190) Ox1 Location -10/Materials Parts ------- > --- POWER (1) -------- Ion Engine > --- PROPULSION (2) --- Aluminum Leg Aluminum Leg > --- UTILITY (2) ------ Large Storage Unit Visual Processing Unit > --- WEAPON (2) ------- EM Pulse Gun > --- INVENTORY (15) --- Heat Sink Structural Scanner Terrain Scanner Light Armor Plating Peak State ------------ > --- POWER ------------ Light Ion Engine > --- PROPULSION ------- Aluminum Leg Aluminum Leg > --- UTILITY ---------- Small Storage Unit Small Storage Unit > --- WEAPON ----------- Medium Laser Particle Gun > --- INVENTORY -------- Small Laser Small Laser [Rating: 8] Favorites ----------- Power Light Ion Engine Engine Light Ion Engine Propulsion Aluminum Leg Treads Light Treads Leg Aluminum Leg Utility Small Storage Unit Device Structural Scanner Storage Small Storage Unit Processor Visual Processing Unit Protection Light Armor Plating Weapon Medium Laser Energy Gun Medium Laser Special Weapon Welding Torch Build | -11 -10 ------- Run | Yrd Mat Slots Evolved . | . . Power . | . . Propulsion . | . . Utility . | . . Weapon . | . . Parts Attached 31 | 7 24 Power 3 | 1 2 Engine 3 | 1 2 Core . | . . Reactor . | . . Propulsion 8 | 3 5 Treads 3 | 3 . Leg 5 | . 5 Wheel . | . . Hover . | . . Flight . | . . Utility 12 | 1 11 Device 4 | . 4 Storage 4 | 1 3 Processor 2 | . 2 Hackware . | . . Protection 2 | . 2 Artifact . | . . Weapon 8 | 2 6 Energy Gun 7 | 2 5 Energy Cannon . | . . Ballistic Gun . | . . Ballistic Cannon . | . . Launcher . | . . Special Weapon 1 | . 1 Impact Weapon . | . . Slashing Weapon . | . . Piercing Weapon . | . . Special Melee Weapon . | . . Unidentified Prototypes . | . . Parts Lost 6 | . 6 Power 1 | . 1 Propulsion 2 | . 2 Utility . | . . Weapon 3 | . 3 Highest Loss Streak 2 | . 2 To Critical Strikes . | . . Average Slot Usage (%) 88 | . 88 Engine 13 | . 13 Treads 4 | . 4 Leg 21 | . 21 Device 7 | . 7 Storage 14 | . 14 Processor 2 | . 2 Energy Gun 23 | . 23 Naked Turns . | . . Heaviest Build 30 | 12 30 Greatest Support 40 | 40 40 Greatest Overweight (x) 4 | . 4 Average Overweight (x) . | . . Largest Inventory Capacity 15 | 8 15 Average Capacity 9 | 6 9 Most Carried 8 | 2 8 Average Carried 3 | . 3 Final Capacity 15 | 8 15 Final Carried 4 | 1 4 Class Distribution -------------------- 51% | Mutant 48% | Scavenger-Mutant Dominant Class ---------------- Scavenger-Mutant | -10/Materials Resources | -11 -10 ----------- Run | Yrd Mat Matter Collected 500 | 240 260 Remotely . | . . Salvage Created 455 | . 455 Parts 20 | . 20 Haulers Intercepted . | . . Recyclers Shooed . | . . Parts Field Recycled . | . . Retrieved Matter . | . . Parts Self-Destructed . | . . Prevented . | . . Kills | -11 -10 ------- Run | Yrd Mat Combat Hostiles Destroyed 11 | . 11 Guns 11 | . 11 Classes Destroyed 3 | . 3 Watcher 2 | . 2 Swarmer 3 | . 3 Grunt 8 | . 8 Best Kill Streak 3 | . 3 Combat Bots Only 3 | . 3 Max Kills in Single Turn 1 | . 1 Gunslinging . | . . Exploded . | . . Melee . | . . Uniques/NPCs Destroyed . | . . Combat | -11 -10 -------- Run | Yrd Mat Hostile Shots Fired 102 | . 102 Missed 30 | . 30 Damage Taken 885 | . 885 Core 259 | . 259 Absorbed by Shields . | . . Core Remaining (%) 100 | 100 . Volleys Fired 44 | . 44 Largest 2 | . 2 Hottest 115 | . 115 Shots Fired 74 | . 74 Gun 74 | . 74 Cannon . | . . Launcher . | . . Special . | . . Kinetic . | . . Thermal 62 | . 62 Explosive . | . . Electromagnetic 12 | . 12 Robot Hit Streak 15 | . 15 Robot Miss Streak 3 | . 3 Penetration Max . | . . Secondary Targets 2 | . 2 Max Gunslinging Chain 1 | . 1 Shots Hit Robots 47 | . 47 Core Hits 22 | . 22 Critical Kills . | . . Critical Parts Destroyed . | . . Critical Strikes 5 | . 5 Burn 5 | . 5 Melee Attacks . | . . Impact . | . . Slashing . | . . Piercing . | . . Sneak Attacks . | . . Combat Hostiles . | . . Follow-up Attacks . | . . Damage Inflicted 619 | . 619 Guns 619 | . 619 Cannons . | . . Explosions . | . . Melee . | . . Ramming . | . . Kinetic . | . . Thermal 533 | . 533 Explosive . | . . Electromagnetic 86 | . 86 Impact . | . . Slashing . | . . Piercing . | . . Highest Corruption 1 | . 1 Average Corruption 1 | . 1 Corruption Purged . | . . Corruption Blocked . | . . Overload Shots . | . . Overflow Damage . | . . Projectiles . | . . Explosions . | . . Melee . | . . Knockbacks . | . . Impact . | . . Kinetic . | . . Secondary . | . . Self-Inflicted Damage . | . . Shots . | . . Rammed . | . . Targets Rammed . | . . Kicked . | . . Crushed . | . . Highest Temperature 338 | . 338 Average Temperature 104 | . 104 Received Heat Transfer 459 | . 459 Siege Activations . | . . Robots Corrupted . | . . Combat Hostiles . | . . Parts Fried 1 | . 1 Impact Corruptions . | . . Robots Melted . | . . Combat Hostiles . | . . Parts Melted 8 | . 8 Heat Transferred 1924 | . 1924 Parts Sabotaged . | . . Parts Stolen . | . . Parts Stripped . | . . Power Chain Reactions . | . . Alert | -11 -10 ------- Run | Yrd Mat Peak Influence 226 | . 226 Initial . | . . Average 62 | . 68 Maximum Alert Level 1 | . 1 Low Security (%) 92 | 100 91 Level 1 7 | . 8 Level 2 . | . . Level 3 . | . . Level 4 . | . . Level 5 . | . . High Security . | . . Max Security . | . . Squads Dispatched 2 | . 2 Investigation 1 | . 1 Extermination . | . . Reinforcement 1 | . 1 Assault . | . . Garrison . | . . Intercept . | . . Searches Triggered . | . . Construction Impeded . | . . Haulers Reinforced . | . . Active Scanning Responses . | . . Cargo Convoy Interrupts . | . . Stealth | -11 -10 --------- Run | Yrd Mat Distress Signals . | . . Communications Jammed . | . . Distress Signals . | . . Times Spotted 19 | . 19 Peak Tracking Total 3 | . 3 Tactical Retreats . | . . Traps | -11 -10 ------- Run | Yrd Mat Traps Triggered 1 | . 1 Indirectly . | . . Trap Hack Attempts . | . . Triggered . | . . Disarmed . | . . Reprogrammed . | . . Reused . | . . Traps Extracted . | . . Installed . | . . Triggered . | . . Machines | -11 -10 ---------- Run | Yrd Mat Machines Disabled . | . . Max in Single Turn . | . . Machines Repaired . | . . Machines Dismantled . | . . Machines Sabotaged . | . . Overloaded Fab Kills . | . . Hacking | -11 -10 --------- Run | Yrd Mat Machines Accessed 3 | . 3 Terminals 1 | . 1 Fabricators . | . . Repair Stations . | . . Recycling Units 2 | . 2 Scanalyzers . | . . Garrison Access . | . . Total Hacks 14 | . 14 Successful 9 | . 9 Failed 5 | . 5 Catastrophic . | . . Database Lockouts . | . . Manual . | . . Terminals 3 | . 3 Fabricators . | . . Repair Stations . | . . Recycling Units 11 | . 11 Scanalyzers . | . . Garrison Access . | . . Terminal Hacks 2 | . 2 Emergency Access Points 1 | . 1 Recall Reinforcements 1 | . 1 Fabricator Hacks . | . . Repair Station Hacks . | . . Recycling Unit Hacks 7 | . 7 Report Inventory 3 | . 3 Retrieve Matter 1 | . 1 Retrieve Components 3 | . 3 Scanalyzer . | . . Garrison Access Hacks . | . . Unauthorized Hacks . | . . Terminals . | . . Fabricators . | . . Repair Stations . | . . Recycling Units . | . . Scanalyzers . | . . Garrison Access . | . . Data Cores Recovered . | . . Used . | . . Hacking Detections 2 | . 2 Full Trace Events 2 | . 2 Feedback Events . | . . Feedback Blocked . | . . Robot Schematics Acquired . | . . Robots Built . | . . Authchips . | . . Time . | . . Total Robot Build Rating . | . . Part Schematics Acquired . | . . Parts Built . | . . Authchips . | . . Time . | . . Total Part Build Rating . | . . Parts Repaired . | . . Time . | . . Parts Recycled . | . . Recycled Matter . | . . Retrieved Matter 97 | . 97 Retrieved Components 12 | . 12 Parts Scanalyzed . | . . Part Schematics Acquired . | . . Parts Damaged . | . . Bothacking | -11 -10 ------------ Run | Yrd Mat Used RIF Installer . | . . Robots Hacked . | . . Non-combat . | . . Combat . | . . Robot Hacks Applied . | . . Relay Couplers Released . | . . Fabnet Peak Effective % . | . . Robots Rewired . | . . Allies Hacked . | . . Hacks Repelled . | . . Allies | -11 -10 -------- Run | Yrd Mat Total Allies . | . . Largest Group . | . . Highest-Rated Group . | . . Highest-Rated Ally . | . . Total Orders . | . . Ally Attacks . | . . Total Damage . | . . Kills . | . . Allies Corrupted . | . . Allies Melted . | . . Intel | -11 -10 ------- Run | Yrd Mat Robot Analysis Total . | . . Derelict Logs Recovered . | . . Drone Launches . | . . Drone Recoveries . | . . Exploration | -11 -10 ------------- Run | Yrd Mat Turns Passed 1083 | 90 993 Spaces Moved 612 | 54 558 Core 16 | 9 7 Treads 128 | 45 83 Legs 468 | . 468 Wheels . | . . Hover . | . . Flight . | . . Fastest Speed 50 | 50 120 Average Speed 140 | 141 140 Slowest Speed 250 | 160 250 Overloaded Moves . | . . Propulsion Burnouts . | . . Robots Hopped . | . . Cave-ins Triggered . | . . Exploration Rate (%) 30 | 4 56 Regions Visited 1 Branch Regions . Pre-discovered Areas . | . . Known Exits Taken . | . . Unknown Exits Taken 1 | 1 . Scrap Searched . | . . Spaces Dug . | . . Terrain Destroyed . | . . Melee . | . . Projectile . | . . AOE . | . . Terrain Rammed . | . . Walls Destroyed . | . . Machines Disabled . | . . Actions | -11 -10 --------- Run | Yrd Mat Total 764 | 67 697 Wait 30 | 1 29 Move 611 | 53 558 Hop . | . . Pick Up 31 | 6 25 Fast Attach . | . . Attach 17 | 5 12 Detach 3 | . 3 Swap 14 | 2 12 Drop 14 | . 14 Fire 44 | . 44 Melee . | . . Ram . | . . Kick . | . . Crush . | . . Escape Stasis . | . . Rewire . | . . Trap . | . . Miscellaneous . | . . Route ------- -11/Scrapyard -10/Materials (discovered 2 exits: [*Mat x2]) History --------- Turn | Location | Event 25 | -11/Scrapyard | Discovered new exit (range 16) 91 | -11/Scrapyard | Entered Materials 297 | -10/Materials | Core integrity fell below 50% 300 | -10/Materials | Build established: Mutant 317 | -10/Materials | Core integrity fell below 20% 493 | -10/Materials | Discovered new exit (range 15) 626 | -10/Materials | Build established: Scavenger-Mutant 1027 | -10/Materials | Discovered new exit (range 8) 1084 | -10/Materials | Destroyed by G-34 Mercenary with Small Laser Last Messages --------------- 00982_ A bubble of electromagnetic force engulfs the area. 00982_ EMP Trap short circuited. 00982_ A bubble of electromagnetic force engulfs the area. 00990_ U-05 Engineer lays Concrete. 01027_ EXIT=FOUND 01052_ Connecting with Recycling Unit... >>Retrieve(Components) Retrieving 2 components... EM Pulse Gun Lgt. Treads 01052_ Connecting with Recycling Unit... >>Recycling(Report) Matter reserves: 0 Inventory: Empty 01052_ ALERT: Suspicious activity at Recycling Unit M002. Dispatching Investigation squad. 01064_ EM Pulse Gun destroyed. 01082_ Acquired EM Pulse Gun. Map ----- +----------------------------------------------------+ | ??## # ????????## ##????# #?????? | | ??## # ????????##########????# #?????? | | ??## # ????????##########????# #?????? | | ??## # ## ??????????????# #?????? | | ??##+###+#####+###### ??????????????# #?????? | | ??## # ????????????### #?????? | | ??## # ????????????# #?????? | | ??## [ !*] + ????????????# #?????? | | ??### ""! = %! ] # ????????????# #?????? | | ??### "Y%!= !] ##????????????# #?????? | | ???## ""*[[ ##????????????# #?????? | | ???## [ ##????????????# #?????? | | ???## ###???????????# #?????? | | ???## ##### ###???????????# #?????? | | ?##### ##### ##???????????# #?????? | | # # ##?##! !##???????????# #?????? | | # + ##?###!! !###???????????# #?????? | | # # ^^ ##?##########???????????# #?????? | | # # % #############???????????# #?????? | | # # % #???????????# #?????? | | # # #???????????# #?????? | | # ### #???????????# #?????? | | # ###########/## #???????????# #?????? | | ##??### # ##g###?????????# #?????? | | ??????# """# # #?????????# #?????? | | ??????# """# #@=""#?????????# #?????? | | ??????# """# # Y"#?????????#####?????? | | ??????# """# < # ""#???????????????????? | | ??????# # # #???????????????????? | | ??????# ! ##### #???????????????????? | | ??????# #???# #???????????????????? | | ??????# #???# #???????????????????? | | ??????##########???# #???????????????????? | | ????????????????????####????????????????????? | | | | | | | | | | | | | | | | | | | | | | | | | | | | | | | | | +----------------------------------------------------+ Best States ------------- Heat Dissipation 35 Energy Generation 10 Energy Capacity 250 Matter Stores 300 Matter Capacity 300 Sight Range 18 Terrain Scan Range 14 Terrain Scan Density 10 Armor Coverage 150 Evasion (%) 55 Recoil Reduction 2 Item Schematics ----------------- None Robot Schematics ------------------ None Fabricated ------------ Nothing Alien Tech Used ----------------- None Achievements -------------- None Challenges ------------ None Game ------ Seed AdvancedGravitonLegs Manual? 0 Play Time 00:10:50 Cumulative 2.4 hours Start 2024.04.02 @ 01:22:26 End 2024.04.02 @ 01:32:35 Sessions 1 Manual Loads 0 Difficulty Rogue Special Mode None Game No. 7 Rogue 7 Adventurer 0 Explorer 0 Win Type - Total 0 Types 0/0/0/0/0/0/0/0/0 Lore% 1 Gallery% 6 Achievement% 7 Wizard Run 0 Options --------- Layout 2 ASCII 0 Keyboard 0 Movement Arrows Keybinds 0 Fullscreen 1 Font 24/Smallcaps Map View 50x44 Zoom Use 0% Tactical HUD 1 Map Filters NONE Filters NONE Steam 1 RUN: eb198b4f-2cb3-48d0-bf7f-595e1427fc5e